 Dungeon Crawl Stone Soup version 0.23.2-33-g5129a83184 (webtiles) character file.

Game seed: 15686573362415789342

3530 FishyPogo the Sneak (level 9, -4/81 HPs)
             Began as a Deep Dwarf Fighter on July 30, 2019.
             Was a Believer of Makhleb.
             Slain by an orc warrior
             ... wielding a +0 halberd
              (27 damage)
             ... in a bailey.
             The game lasted 01:36:10 (6955 turns).

FishyPogo the Sneak (Deep Dwarf Fighter)            Turns: 6955, Time: 01:36:10

Health: -4/81      AC: 27    Str: 20    XL:     9   Next: 82%
Magic:  4/8        EV:  9    Int: 10    God:    Makhleb [**....]
Gold:   256        SH: 11    Dex: 14    Spells: 8/8 levels left

rFire    . . .     SeeInvis .   a - +3 hand axe (venom)
rCold    + . .     Gourm    .   c - +0 shield
rNeg     . . .     Faith    +   G - +8 chain mail "Tearie" {rC+}
rPois    .         Spirit   .   A - +2 helmet
rElec    .         Reflect  .   h - +0 cloak
rCorr    .         Harm     .   E - +0 pair of gloves
MR       +....                  r - +1 pair of boots
Stlth    +.........             p - amulet of faith
HPRegen  0.00/turn              (no ring)
MPRegen  0.11/turn              (no ring)

@: non-regenerating
A: damage resistance, heal wounds, sense surroundings 2, no regeneration
a: Heal Wounds, Minor Destruction, Renounce Religion


You were in a bailey.
You worshipped Makhleb.
Makhleb was pleased with you.
You were hungry.

You visited 2 branches of the dungeon, and saw 9 of its levels.
You also visited: Bailey.

You collected 531 gold pieces.
You spent 275 gold pieces at shops.

Inventory:

Hand Weapons
 a - a +3 hand axe of venom (weapon)
 b - the +9 staff of Olgreb {rPois}
   (You found it on level 6 of the Dungeon)

   It protects you from poison.
 j - a +2 war axe of venom
Missiles
 e - 153 stones (quivered)
Armour
 c - a +0 shield (worn)
 h - a +0 cloak (worn)
 r - a +1 pair of boots (worn)
 w - a +2 leather armour of poison resistance
 A - a +2 helmet (worn)
 E - a +0 pair of gloves (worn)
 G - the +8 chain mail "Tearie" (worn) {rC+}
   (You bought it in a shop on level 6 of the Dungeon)

   It protects you from cold.
Jewellery
 p - an amulet of faith (around neck)
Wands
 x - a wand of scattershot (6)
 F - a wand of paralysis (8)
Scrolls
 i - 5 scrolls of enchant armour
 k - a scroll of blinking {unknown}
 l - 3 scrolls of identify
 m - a scroll of teleportation
 o - a scroll of amnesia {unknown}
 t - 2 scrolls of magic mapping
 y - a scroll of remove curse
 D - 3 scrolls of enchant weapon
Potions
 d - a potion of might
 g - a potion of brilliance {unknown}
 n - 2 potions of degeneration {unknown}
 q - a potion of haste {unknown}
 s - 4 potions of curing {unknown}
 u - a potion of heal wounds {unknown}
 v - a potion of mutation {unknown}
 z - a potion of magic {unknown}
 B - a potion of lignification
 C - 2 potions of flight {unknown}
Comestibles
 f - 18 rations


   Skills:
 * Level 5.3 Fighting
 + Level 5.3 Axes
 * Level 7.7 Armour
 - Level 4.8 Dodging
 + Level 7.8 Stealth
 * Level 7.7 Shields
 + Level 3.8 Invocations
 + Level 2.1 Evocations


You had 8 spell levels left.
You didn't know any spells.
Your spell library contained the following spells:

 Spells                   Type           Power        Failure   Level  Hunger
 Shock                    Conj/Air       #...         100%        1    ##.....
 Swiftness                Chrm/Air       #.......     100%        2    ###....
 Static Discharge         Conj/Air       #.......     100%        3    ####...
 Airstrike                Air            #.........   100%        4    #####..
 Lightning Bolt           Conj/Air       #.........   100%        5    ######.


Dungeon Overview and Level Annotations

Branches:
Dungeon (8/15)             Temple (1/1) D:4
   Lair: D:8-11

Altars:
Dithmenos
Elyvilon
Fedhas
Gozag
Hepliaklqana
Makhleb
Nemelex Xobeh
Okawaru
Qazlal
Ru
Wu Jian
Yredelemnul
Zin
The Shining One

Shops:
D:6 (***[   D:7 :

Annotations:
D:8 Grum


Innate Abilities, Weirdness & Mutations

You are resistant to damage.
You can heal yourself by infusing magical energy.
You passively map the area around you.
You do not regenerate.


Message History

The orc knight goes into a battle-frenzy!
The orc warrior hits you with a +0 halberd.
You hit the orc warrior but do no damage.
The orc warrior is poisoned.
The orc warrior is lightly wounded.
You hit the orc warrior.
The orc knight no longer looks unusually strong.
The orc warrior hits you with a +0 halberd!
The orc warrior completely misses you.
You hit the orc warrior.
The orc warrior looks as sick as possible!
The orc warrior is lightly wounded.
You completely miss the orc warrior. The orc warrior closely misses you.
The orc warrior no longer looks unusually strong.
The orc warrior hits you from afar with a +0 halberd! x2
* * * LOW HITPOINT WARNING * * *
There is an empty arch of ancient stone, spattered with blood here.
You fail to use your ability.
The orc warrior hits you from afar with a +0 halberd!!
You die...

* ### , * * *##∩##
, * * , #.@.# , ,,
, ≈ #.(.# ≈ , ,
*,≈≈o≈≈.o)o)..≈≈o≈≈
*
≈.oo≈.......≈oo.≈,
, ,≈≈)≈≈.......≈≈o≈
, ,,
.≈≈≈..#...#..≈≈≈ *
*.....##...##.... *
, , * *#####*##∩##
####* * * * ###


You could see 2 orc knights and 3 orc warriors.

Vanquished Creatures
  A manticore (D:8)
  A hippogriff (D:7)
  Sigmund (D:3)
  Eustachio (D:4)
  A hungry ghost (D:7)
  Duvessa (D:5)
  3 ice beasts
  2 orc warriors (Bailey)
  A phantom (D:7)
  A black bear (D:7)
  2 sky beasts
  2 ogres
  2 centaurs
  3 bullfrogs
  A wyvern zombie (D:7)
  Dowan (D:5)
  2 scorpions
  A howler monkey (D:4)
  2 crimson imps
  A centaur zombie (D:7)
  4 hounds
  An orc priest (D:7)
  A jelly (D:7)
  5 orc wizards (D:7)
  Jessica (D:2)
  An iguana (D:5)
  3 worker ants
  Terence (D:2)
  A worker ant zombie (D:6)
  Robin (D:2)
  3 gnolls (D:2)
  5 adders
  A shadow imp (D:5)
  An ooze (D:5)
  2 adder skeletons
  4 worms
  3 dart slugs
  3 leopard geckos
  12 orcs
  A ball python (D:2)
  7 bats
  4 giant cockroaches
  18 goblins
  14 hobgoblins
  12 jackals
  3 quokkas
  A frilled lizard (D:1)
  8 kobolds
  3 leopard gecko skeletons
  A quokka skeleton (D:4)
  9 rats
164 creatures vanquished.

Notes
Turn   | Place    | Note
-------+----------+-------------------------------------------
     0 | D:1      | FishyPogo the Deep Dwarf Fighter began the quest for the
                  | Orb.
     0 | D:1      | Reached XP level 1. HP: 20/20 MP: 1/1
   178 | D:1      | Reached XP level 2. HP: 27/27 MP: 2/2
   305 | D:1      | Reached skill level 1 in Stealth
   381 | D:1      | Reached skill level 1 in Dodging
   665 | D:2      | Reached XP level 3. HP: 30/33 MP: 3/3
  1049 | D:2      | Noticed Robin
  1107 | D:2      | Reached XP level 4. HP: 23/40 MP: 4/4
  1109 | D:2      | Killed Robin
  1228 | D:2      | Found a glowing golden altar of the Shining One.
  1228 | D:2      | Noticed Terence
  1242 | D:2      | Killed Terence
  1343 | D:2      | Reached XP level 5. HP: 33/49 MP: 4/4
  1570 | D:2      | Noticed Jessica
  1573 | D:2      | Killed Jessica
  2006 | D:3      | Noticed Sigmund
  2605 | D:3      | Noticed an ogre
  2678 | D:3      | Killed an ogre
  2678 | D:3      | Reached XP level 6. HP: 28/56 MP: 5/5
  2709 | D:3      | Killed Sigmund
  3000 | D:4      | Found a staircase to the Ecumenical Temple.
  3014 | Temple   | Entered the Ecumenical Temple
  3126 | Temple   | Became a worshipper of Makhleb the Destroyer
  3281 | D:4      | Reached skill level 5 in Shields
  3281 | D:4      | Reached XP level 7. HP: 44/62 MP: 6/6
  3328 | D:4      | Noticed Eustachio
  3336 | D:4      | Reached skill level 5 in Armour
  3387 | D:4      | Killed Eustachio
  3864 | D:4      | You fall through a shaft for 3 floors!
  3873 | D:7      | Reached skill level 5 in Stealth
  3881 | D:7      | Reached XP level 8. HP: 60/72 MP: 7/7
  4071 | D:5      | Entered Level 5 of the Dungeon
  4199 | D:5      | Reached * piety under Makhleb
  4285 | D:5      | Noticed Duvessa
  4308 | D:5      | Killed Duvessa
  4308 | D:5      | Reached skill level 1 in Invocations
  4315 | D:5      | Noticed Dowan
  4324 | D:5      | Killed Dowan
  5117 | D:6      | Found Tolamuce's Antique Weapon Shoppe.
  5153 | D:6      | Found Esawuotz's Assorted Antiques.
  5213 | D:6      | Found Gabac's Assorted Antiques.
  5220 | D:6      | Bought a twisted chain mail for 275 gold pieces
  5230 | D:6      | Identified the +8 chain mail "Tearie" {rC+} (You bought it
                  | in a shop on level 6 of the Dungeon)
  5247 | D:6      | Gained mutation: You passively map the area around you.
                  | [Deep Dwarf growth]
  5247 | D:6      | Reached XP level 9. HP: 43/79 MP: 9/9
  5267 | D:6      | Found Anuuguce's Armour Boutique.
  5425 | D:6      | Found the +9 staff of Olgreb {rPois}
  5444 | D:6      | Found Zatis's Assorted Antiques.
  5971 | D:7      | Reached ** piety under Makhleb
  6062 | D:7      | Found Niepnec's Book Boutique.
  6134 | D:7      | Found a hazy altar of Hepliaklqana.
  6310 | D:7      | Reached skill level 5 in Axes
  6542 | D:7      | Reached skill level 1 in Evocations
  6843 | D:8      | Noticed a manticore
  6861 | D:8      | Killed a manticore
  6861 | D:8      | Reached skill level 5 in Fighting
  6918 | D:8      | Found a flagged portal.
  6926 | D:8      | Noticed Grum
  6929 | Bailey   | Entered a bailey
  6929 | Bailey   | Noticed an orc knight
  6929 | Bailey   | Noticed an orc knight
  6931 | Bailey   | Noticed an orc knight
  6935 | Bailey   | Noticed an orc knight
  6955 | Bailey   | Slain by an orc warrior

Skill      XL: |  1  2  3  4  5  6  7  8  9 |
---------------+----------------------------+-----
Stealth        | 1 2 3 4 5 6 7 |  7.8
Dodging        | 1 2 3 4 |  4.8
Shields        | 4 5 6 7 |  7.7
Fighting       | 3 4 5 |  5.3
Armour         | 4 5 6 7 |  7.7
Axes           | 3 4 5 |  5.3
Invocations    | 2 3 |  3.8
Evocations     | 2 |  2.1

Action                   |  1- 3 |  4- 6 |  7- 9 || total
-------------------------+-------+-------+-------++-------
Melee: War axe           |   146 |    29 |       ||   175
       Hand axe          |       |   113 |   331 ||   444
       Spear             |       |     1 |       ||     1
       Staff             |       |       |    21 ||    21
Throw: Stone             |    78 |    69 |    72 ||   219
Invok: Minor Destruction |       |       |     2 ||     2
 Abil: Heal Wounds       |       |     5 |     5 ||    10
Evoke: Staff of Olgreb   |       |       |    20 ||    20
  Use: Potion            |     1 |     1 |       ||     2
       Scroll            |       |     5 |     4 ||     9
 Stab: Sleeping          |       |       |     7 ||     7
  Eat: Chunk             |     1 |     7 |    14 ||    22
Armor: Scale mail        |    48 |    40 |    69 ||   157
       Chain mail        |       |       |   122 ||   122
Dodge: Dodged            |    44 |    42 |   115 ||   201
Block: Shield            |    79 |    51 |   203 ||   333
